 Dungeon Crawl Stone Soup version 0.31.0-32-g396128a36d (webtiles) character file.

Game seed: 548144909067318688

210 PaiMei the Grave Robber (level 5, -6/38 HPs)
             Began as a Demonspawn Necromancer on Apr 18, 2024.
             Mangled by an ogre
             ... wielding a +0 giant club
              (34 damage)
             ... on level 3 of the Dungeon.
             The game lasted 00:04:55 (3065 turns).

PaiMei the Grave Robber (Demonspawn Necromancer)    Turns: 3065, Time: 00:04:56

Health: -6/38      AC:  3    Str:  9    XL:     5   Next: 56%
Magic:  2/9        EV: 12    Int: 17    God:
Gold:   95         SH:  0    Dex: 13    Spells: 6/10 levels left

rFire   . . .        r - +0 trident
rCold   . . .        (no shield)
rNeg    . . .        a - +0 robe
rPois   .            (helmet restricted)
rElec   .            q - +0 cloak
rCorr   .            (no gloves)
SInv    .            (no boots)
Will    .....        (no amulet)
Stlth   ++           (no ring)
HPRegen 0.26/turn    (no ring)
MPRegen 0.11/turn

%: no passive effects
@: no status effects
A: antennae 1, powered by death 1, sanguine armour 1
a: no special abilities


You were on level 3 of the Dungeon.
You visited 1 branch of the dungeon, and saw 4 of its levels.

You collected 95 gold pieces.

Inventory:

Hand Weapons
 j - a +0 dagger
 r - a +0 trident (weapon)
Missiles
 o - 3 curare-tipped darts
 p - 5 datura-tipped darts (quivered)
Armour
 a - a +0 robe (worn)
 q - a +0 cloak (worn)
Scrolls
 e - 3 scrolls of teleportation {unknown}
 g - a scroll of vulnerability {unknown}
 h - 2 scrolls of amnesia {unknown}
 i - a scroll of torment {unknown}
 k - a scroll of enchant armour {unknown}
 l - a scroll of identify {unknown}
 m - a scroll of enchant weapon {unknown}
 n - a scroll of immolation {unknown}
Potions
 b - a potion of magic
 c - a potion of degeneration {unknown}
 d - 2 potions of heal wounds {unknown}
 f - 3 potions of curing {unknown}
 s - a potion of attraction {unknown}
 t - a potion of brilliance {unknown}


   Skills:
 + Level 2.1 Fighting
 + Level 3.0 Dodging
 - Level 2.1 Stealth
 + Level 3.2 Spellcasting
 + Level 5.3 Necromancy


You had 6 spell levels left.
You knew the following spells:

 Your Spells              Type           Power      Damage    Failure   Level
a - Necrotise             Necr           80%        1d8       1%          1
b - Vampiric Draining     Necr           20%        2d7       6%          3

Your spell library contained the following spells:

 Spells                   Type           Power      Damage    Failure   Level
 Animate Dead             Necr           20%        N/A       19%         4
 Inner Flame              Hex/Fire       2%         N/A       45%         3
 Curse of Agony           Necr           20%        N/A       47%         5
 Flame Wave               Conj/Fire      2%         2d4       86%         4
 Sticky Flame             Fire/Alch      2%         2d4       86%         4


Dungeon Overview and Level Annotations

Branches:
Dungeon (4/15)
 Temple: D:4-7

Altars:


Innate Abilities, Weirdness & Mutations

You have a pair of small antennae on your head.
You regenerate a little health from kills.
When seriously injured, your blood forms armour. (AC +0)


Message History

You see here a +0 hand axe.
Found a scroll labelled SIKEDO BIFASI.
There is a stone staircase leading up here.
You start waiting.
An ogre is nearby!
You climb upwards.
The ogre shouts!
Found 3 stones.
There is a stone staircase leading down here.
Casting: Vampiric Draining (dangerous; 6% risk of failure)
Confirm with . or Enter, or press ? or * to list all spells.
Aiming: Necrotise (safe; 1% risk of failure)
Press: ? - help, Shift-Dir - straight line, f - ogre
Aim: an ogre, wielding a +0 giant club (chance to affect: 78%)
The ogre writhes in agony.
The ogre hits you with a +0 giant club!!
Ouch! That really hurt!
Your blood congeals into armour.
Casting: Necrotise (safe; 1% risk of failure)
Confirm with . or Enter, or press ? or * to list all spells.
Aiming: Vampiric Draining (dangerous; 6% risk of failure)
Press: ? - help, Shift-Dir - straight line, f/p - ogre
Aim: an ogre, wielding a +0 giant club (lightly wounded)
You draw life force from the ogre!
You feel life coursing into your body.
Casting: Vampiric Draining (dangerous; 6% risk of failure)
Confirm with . or Enter, or press ? or * to list all spells.
Aiming: Vampiric Draining (dangerous; 6% risk of failure)
Press: ? - help, Shift-Dir - straight line, f/p - ogre
Aim: an ogre, wielding a +0 giant club (heavily wounded)
You draw life force from the ogre!
You feel life coursing into your body.
Your blood armour dries and flakes away.
The ogre misses you.
Casting: Vampiric Draining (dangerous; 6% risk of failure)
Confirm with . or Enter, or press ? or * to list all spells.
You don't have enough magic to cast this spell.
You hit the ogre but do no damage.
The ogre is almost dead.
The ogre hits you with a +0 giant club!!
Ouch! That really hurt!
You die...

.### #####....
........ #.....##
# ....(..#
##.#####.##......#
..............#
#.#.## .##@#
#....##.##O#
#..........#
.....{o....
#####.###(##.#
#.........##.#
#.###.######.# #.#
#†# #.# #.# #.#


You could see an ogre.

Vanquished Creatures
  2 bombardier beetles
  A hound (D:4)
  An orc wizard (D:4)
  2 adders (D:2)
  A dart slug (D:1)
  2 ribbon worms (D:2)
  2 orcs (D:4)
  2 ball pythons
  6 endoplasms
  4 goblins
  4 hobgoblins
  4 jackals (D:2)
  5 quokkas
  5 bats
  3 frilled lizards
  3 kobolds
  A rat (D:1)
48 creatures vanquished.

Vanquished Creatures (collateral kills)
  A gnoll (D:1)
  An orc (D:3)
  An endoplasm (D:1)
3 creatures vanquished.

Vanquished Creatures (others)
  An orc (D:4)
1 creature vanquished.

Grand Total: 52 creatures vanquished

Notes
Turn   | Place    | Note
-------+----------+-------------------------------------------
     0 | D:1      | PaiMei the Demonspawn Necromancer began the quest for the
                  | Orb.
     0 | D:1      | Reached XP level 1. HP: 13/13 MP: 3/3
   186 | D:1      | Gained mutation: You regenerate a little health from kills.
                  | [demonic ancestry]
   186 | D:1      | Reached XP level 2. HP: 2/19 MP: 0/5
   641 | D:1      | Gained mutation: You have a pair of small antennae on your
                  | head. [demonic ancestry]
   641 | D:1      | Reached XP level 3. HP: 24/25 MP: 2/6
   645 | D:1      | Learned a level 3 spell: Vampiric Draining
  1195 | D:2      | Reached skill level 1 in Fighting
  1433 | D:2      | Gained mutation: When seriously injured, your blood forms
                  | armour. (AC +0) [demonic ancestry]
  1433 | D:2      | Reached XP level 4. HP: 13/32 MP: 0/7
  2347 | D:3      | Reached skill level 5 in Necromancy
  2410 | D:3      | Noticed an ogre
  2426 | D:3      | You fall into a shaft and drop 1 floor!
  2524 | D:4      | Reached XP level 5. HP: 38/38 MP: 0/9
  2985 | D:4      | Noticed an ogre
  3065 | D:3      | Mangled by an ogre

Illustrated notes

Levels and vault maps discovered:
D:1:      matt_arrival_diagonals, layout_rooms
D:2:      layout_basic
D:3:      layout_loops_ring, kennysheep_path_1
D:4:      layout_cave_pools, mainiacjoe_overflow_24_doors,
          minmay_temple_entry_wispy, uniq_crazy_yiuf_cottage

Skill      XL: |  1  2  3  4  5 |
---------------+----------------+-----
Dodging        | 2 3 |  3.0
Stealth        | 2 |  2.1
Fighting       | 1 2 |  2.1
Necromancy     | 5 |  5.3
Spellcasting   | 3 |  3.2

Action                     |  1- 3 |  4- 6 || total
---------------------------+-------+-------++-------
  Melee: Unarmed           |     6 |       ||     6
         Dagger            |     9 |    12 ||    21
         Trident           |       |     9 ||     9
  Throw: Dart              |       |     1 ||     1
   Cast: Necrotise         |    68 |    39 ||   107
         Vampiric Draining |       |     8 ||     8
 Armour: Robe              |    24 |    28 ||    52
  Dodge: Dodged            |    25 |    23 ||    48
